Map: Romanticide LE

Players

rotab

  • Race: Zerg Zerg
  • League: Grandmaster
  • Spawn Location: 5:00

DnS - Winner!

  • Race: Protoss Protoss
  • Spawn Location: 11:00

Event: DreamHack SC2 Masters 2020 Winter

VOD

Have the link to the VOD?

Description

Time

  • Played on: Oct. 16, 2020, 2:08 p.m.
  • Length: 9:42

All games in this series

Show
View Real Time Build Order
Export as new Build Order

rotab Zerg 

Build Orders: Hatch First 

Get SALT Encoding   

  12  0:00  Drone  
  13  0:07  Drone  
  14  0:16  Overlord  
  14  0:22  Extractor  
  14  0:23  Drone  
  15  0:34  Drone  
  16  0:38  Drone  
  17  0:50  Hatchery  
  17  0:53  Drone  
  17  0:56  Drone  
  18  1:07  Extractor  
  17  1:11  Spawning Pool  
  17  1:15  Drone  
  17  1:19  Drone  
  18  1:26  Drone  
  19  1:39  Drone  
  20  1:48  Drone  
  20  1:49  Hatchery  
  20  1:59  Drone  
  21  2:02  Drone  
  21  2:05  Queen  
  24  2:13  Queen  
  26  2:20  Overlord  
  26  2:22  Drone  
  27  2:26  Metabolic Boost  
  27  2:30  Drone  
  28  2:40  Queen, Zergling x2  
  28  2:43  Zergling x2  
  32  2:45  Zergling x2  
  32  2:50  Drone  
  32  2:51  Drone  
  35  3:03  Queen, Overlord  
  35  3:04  Drone x2  
  39  3:11  Spore Crawler  
  39  3:12  Drone x2  
  39  3:14  Drone  
  39  3:16  Zergling x2  
  41  3:21  Drone  
  41  3:24  Drone x2  
  44  3:28  Overlord  
  44  3:31  Drone  
  44  3:33  Overlord  
  46  3:36  Drone x2  
  46  3:41  Drone x2  
  50  3:47  Spore Crawler  
  50  3:48  Drone x3  
  52  3:51  Spore Crawler  
  52  3:52  Drone, Spore Crawler  
  52  3:55  Zergling x2  
  52  3:58  Drone x2  
  52  4:00  Drone  
  52  4:01  Drone  
  56  4:03  Drone  
  56  4:05  Drone  
  56  4:06  Drone  
  56  4:09  Overlord  
  59  4:10  Drone  
  60  4:18  Roach Warren  
  59  4:26  Overlord x2  
  59  4:29  Overlord  
  59  4:31  Overlord  
  59  4:33  Drone x3  
  59  4:34  Extractor  
  59  4:35  Extractor  
  59  4:37  Drone  
  62  4:38  Drone, Spine Crawler  
  62  4:39  Zergling x2  
  62  4:45  Drone x2, Zergling x2  
  62  4:46  Zergling x2  
  64  4:56  Evolution Chamber  
  64  4:57  Drone x3  
  64  4:59  Drone x3  
  69  5:01  Overlord  
  69  5:02  Overlord  
  69  5:05  Roach x2  
  73  5:08  Roach  
  73  5:12  Roach x2  
  78  5:15  Lair  
  78  5:18  Drone  
  78  5:19  Drone x2  
  81  5:22  Zerg Missile Weapons Level 1  
  81  5:24  Roach  
  81  5:25  Drone  
  84  5:29  Roach  
  84  5:30  Roach  
  84  5:33  Overlord  
  84  5:34  Queen  
  90  5:41  Drone, Overlord  
  90  5:42  Drone x2  
  93  5:44  Extractor  
  93  5:45  Drone x2, Extractor  
  92  5:51  Drone  
  92  5:54  Drone x3  
  92  5:55  Overlord  
  96  5:58  Overlord  
  95  6:04  Drone x2  
  95  6:06  Drone x2, Extractor  
  98  6:13  Drone x2  
  98  6:16  Roach  
  98  6:17  Roach x3  
  98  6:18  Queen  
  108  6:20  Hatchery  
  108  6:23  Spore Crawler  
  108  6:27  Spore Crawler  
  108  6:30  Drone, Spore Crawler  
  108  6:32  Spore Crawler  
  105  6:37  Drone  
  105  6:38  Drone  
  105  6:39  Hydralisk Den  
  103  6:50  Drone  
  103  6:51  Drone x3  
  103  6:53  Queen  
  105  6:56  Drone x6  
  105  7:00  Queen  
  105  7:01  Drone x2  
  113  7:10  Overlord  
  113  7:16  Overlord  
  113  7:20  Overlord  
  113  7:22  Overlord  
  113  7:23  Drone  
  113  7:24  Drone x5  
  113  7:26  Muscular Augments  
  117  7:34  Hydralisk  
  117  7:35  Hydralisk x3  
  109  7:45  Hydralisk x7  
  109  7:49  Hydralisk x2  
  118  7:54  Spore Crawler x2  
  118  7:55  Hydralisk x2  
  118  7:57  Glial Reconstitution  
  120  8:00  Extractor x2  
  120  8:04  Spore Crawler  
  120  8:05  Spore Crawler  
  113  8:16  Hydralisk x6  
  113  8:17  Hydralisk x4  
  135  8:28  Drone x2  
  135  8:29  Drone x6  
  135  8:32  Drone x3  
  135  8:33  Infestation Pit  
  145  8:36  Drone x3  
  145  8:41  Overlord  
  148  8:42  Spore Crawler  
  148  8:43  Drone x5  
  152  8:53  Overlord x2  
  152  8:54  Zergling x2  
  152  8:55  Zergling x4  
  155  8:58  Drone  
  155  8:59  Drone x2  
  155  9:01  Lurker Den  
  154  9:06  Overlord  
  154  9:07  Hydralisk x3  
  159  9:18  Roach x6  
Show
View Real Time Build Order
Export as new Build Order

DnS Protoss - Winner!

Build Orders: 1 Gate Expand, Oracle Opening, Phoenix Opening, Mass Phoenix, Zealot Archon 

Get SALT Encoding   

  12  0:00  Probe  
  13  0:12  Probe  
  14  0:19  Pylon  
  14  0:24  Probe  
  15  0:37  Probe (Chrono Boost)  
  15  0:41  Gateway  
  16  0:47  Probe (Chrono Boost)  
  17  0:50  Assimilator  
  17  0:52  Probe (Chrono Boost)  
  18  1:04  Probe  
  19  1:16  Probe  
  20  1:26  Nexus  
  20  1:37  Cybernetics Core  
  20  1:40  Probe  
  21  1:47  Assimilator  
  21  1:52  Probe  
  22  1:55  Pylon  
  22  2:04  Probe  
  23  2:10  Adept (Chrono Boost)  
  23  2:14  Warp Gate  
  25  2:16  Probe (Chrono Boost)  
  26  2:26  Probe (Chrono Boost)  
  26  2:28  Stargate  
  27  2:33  Probe (Chrono Boost)  
  27  2:35  Adept  
  30  2:38  Probe (Chrono Boost)  
  32  2:48  Probe x2 (Chrono Boost)  
  33  2:53  Probe (Chrono Boost)  
  33  2:55  Probe  
  35  3:05  Probe  
  36  3:07  Adept  
  36  3:11  Oracle (Chrono Boost)  
  38  3:17  Probe  
  38  3:18  Probe  
  43  3:20  Gateway  
  43  3:22  Pylon  
  43  3:28  Assimilator  
  43  3:30  Probe  
  43  3:31  Assimilator  
  44  3:35  Probe  
  44  3:40  Phoenix (Chrono Boost)  
  47  3:42  Pylon  
  47  3:45  Probe  
  48  3:50  Probe  
  49  3:57  Probe  
  49  3:58  Stargate  
  50  4:03  Probe  
  50  4:07  Phoenix (Chrono Boost)  
  50  4:09  Probe  
  54  4:15  Probe  
  55  4:21  Probe  
  56  4:27  Adept x2, Probe  
  61  4:35  Pylon x2  
  61  4:45  Probe  
  62  4:50  Nexus  
  62  4:51  Pylon  
  42  4:52  Phoenix (Chrono Boost)  
  62  4:53  Probe  
  62  4:54  Pylon  
  67  5:01  Probe  
  67  5:04  Phoenix (Chrono Boost)  
  67  5:05  Probe  
  69  5:14  Shield Battery  
  69  5:17  Phoenix (Chrono Boost)  
  69  5:19  Probe x2  
  75  5:29  Phoenix (Chrono Boost)  
  75  5:31  Probe x2  
  77  5:36  Protoss Air Weapons Level 1  
  77  5:38  Phoenix (Chrono Boost)  
  77  5:39  Robotics Facility  
  77  5:42  Stalker  
  81  5:43  Probe  
  81  5:44  Probe  
  81  5:47  Sentry  
  50  5:50  Phoenix  
  85  5:54  Forge  
  85  5:56  Probe  
  88  5:58  Twilight Council  
  90  6:13  Probe x3  
  91  6:22  Protoss Ground Weapons Level 1 (Chrono Boost)  
  91  6:24  Charge, Gateway x2  
  91  6:25  Probe x2  
  93  6:27  Assimilator  
  93  6:29  Gateway, Observer  
  93  6:30  Probe  
  95  6:35  Assimilator  
  95  6:49  Templar Archives  
  95  6:51  Gateway  
  95  6:52  Gateway x2  
  95  6:54  Gateway  
  95  6:55  Gateway  
  95  7:02  Probe x2  
  97  7:11  Zealot x2  
  97  7:13  Probe  
  97  7:14  Probe x2  
  104  7:16  Void Ray x2  
  104  7:17  Pylon  
  104  7:19  Pylon  
  106  7:23  Immortal (Chrono Boost)  
  106  7:28  Zealot x3  
  106  7:35  Zealot x2  
  104  7:40  Probe x2  
  103  7:45  High Templar  
  103  7:50  High Templar x2  
  103  7:51  High Templar  
  109  7:52  Warp Prism (Chrono Boost)  
  109  7:55  Shield Battery  
  109  7:56  Archon  
  109  7:57  Archon  
  111  7:58  Photon Cannon  
  111  8:08  High Templar x2, Zealot x4  
  123  8:13  Archon  
  123  8:17  Pylon  
  123  8:18  Pylon  
  123  8:20  Pylon  
  123  8:38  Zealot x8  
  139  8:45  Pylon  
  139  8:47  High Templar x2, Pylon  
  143  8:52  Archon  
  143  8:59  High Templar x2, Zealot  
  149  9:05  Archon, Zealot x5  
  159  9:21  Zealot x3  
  165  9:26  Zealot x2  
  141  9:36  Zealot  
Tags
 
Add a new tag
Caveats
  • Supply blocks, unpowered buildings, or Contaminate may cause inaccurate times.
  • Supply counts are checked every 10 seconds.